TOP OF THE 1ST |
Reading Rainbows batting - Pitching for Springfield Simpsons : RHP Don Wiggins
|
Pitching: RHP Don Wiggins
|
|
Batting: LHB Miguel Colón
|
0-0: Foul Ball, location: 2F 0-1: Called Strike 0-2: Ball 1-2: Strikes out swinging
|
Batting: RHB Ron King
|
0-0: Called Strike 0-1: Ground out 5-3 (Groundball, 56)
|
Batting: RHB Dan Banks
|
0-0: Foul Ball, location: 2F 0-1: Ball 1-1: Fly out, F8 (Line Drive, 8RM)
|
Top of the 1st over - 0 run(s), 0 hit(s), 0 error(s), 0 left on base; Reading 0 - Springfield 0 |
BOTTOM OF THE 1ST |
Springfield Simpsons batting - Pitching for Reading Rainbows : RHP Nathan Seymour
|
Pitching: RHP Nathan Seymour
|
|
Batting: SHB Jorge García
|
0-0: Ball 1-0: SINGLE (Line Drive, 34D)
|
Batting: RHB Manny Ramírez
|
0-0: Called Strike 0-1: Called Strike 0-2: Strikes out swinging
|
Batting: LHB José González
|
0-0: Ball 1-0: Called Strike 1-1: Called Strike 1-2: Ball 2-2: Foul Ball, location: 2F 2-2: Foul Ball, location: 2F 2-2: Strikes out looking
|
Batting: SHB José Cruz
|
0-0: Called Strike 0-1: Ball 1-1: Ball 2-1: Swinging Strike 2-2: Ball 3-2: Strikes out swinging
|
Bottom of the 1st over - 0 run(s), 1 hit(s), 0 error(s), 1 left on base; Reading 0 - Springfield 0 |
TOP OF THE 2ND |
Reading Rainbows batting - Pitching for Springfield Simpsons : RHP Don Wiggins
|
Batting: RHB Germano Labrego
|
0-0: Fly out, F7 (Flyball, 7M)
|
Batting: LHB Shane Lynch
|
0-0: Called Strike 0-1: SOLO HOME RUN (Flyball, 89XD), Distance : 381 ft
|
Batting: RHB Albert Lutz
|
0-0: DOUBLE (Groundball, 5L)
|
Batting: LHB Alfonso Ruíz
|
0-0: Ball 1-0: Ball 2-0: DOUBLE (Groundball, 3L) Albert Lutz scores
|
Batting: LHB Wally Coker
|
0-0: Ball 1-0: Ball 2-0: Ball 3-0: Called Strike 3-1: Base on Balls
|
Batting: RHB Donald Sanford
|
0-0: Fly out, F4 (Line Drive, 4) 0-0: Lined into DP, 4-6 (Line Drive, 4)
|
Top of the 2nd over - 2 run(s), 3 hit(s), 0 error(s), 1 left on base; Reading 2 - Springfield 0 |
BOTTOM OF THE 2ND |
Springfield Simpsons batting - Pitching for Reading Rainbows : RHP Nathan Seymour
|
Batting: RHB Gavin Downey
|
0-0: Called Strike 0-1: Foul Ball, location: 2F 0-2: Foul Ball, location: 2F 0-2: Ball 1-2: Strikes out swinging
|
Batting: RHB Esteban Salas
|
0-0: Ball 1-0: Ball 2-0: Ball 3-0: Called Strike 3-1: Base on Balls
|
Batting: LHB Tony O'Bryan
|
0-0: Ball 1-0: Ball 2-0: Foul Ball, location: 2F 2-1: Ball 3-1: Base on Balls Esteban Salas to second
|
Batting: LHB Pedro Cerda
|
0-0: Foul Ball, location: 2F 0-1: Called Strike 0-2: Strikes out swinging
|
Batting: RHB Valentín Ramírez
|
0-0: Foul Ball, location: 2F 0-1: Foul Ball, location: 2F 0-2: Ball 1-2: Ball 2-2: Foul Ball, location: 2F 2-2: DOUBLE (Groundball, 5L) Esteban Salas scores Tony O'Bryan to third
|
Batting: SHB Jorge García
|
0-0: Ball 1-0: Called Strike 1-1: Swinging Strike 1-2: Strikes out swinging
|
Bottom of the 2nd over - 1 run(s), 1 hit(s), 0 error(s), 2 left on base; Reading 2 - Springfield 1 |
TOP OF THE 3RD |
Reading Rainbows batting - Pitching for Springfield Simpsons : RHP Don Wiggins
|
Batting: LHB Miguel Colón
|
0-0: Ball 1-0: Ball 2-0: Called Strike 2-1: Swinging Strike 2-2: Strikes out swinging
|
Batting: RHB Ron King
|
0-0: Called Strike 0-1: Ball 1-1: Ball 2-1: Ground out 6-3 (Groundball, 6S)
|
Batting: RHB Dan Banks
|
0-0: Ball 1-0: Called Strike 1-1: Foul Ball, location: 2F 1-2: Ball 2-2: Foul Ball, location: 2F 2-2: Ball 3-2: Base on Balls
|
Batting: RHB Germano Labrego
|
0-0: Ball 1-0: Ball 2-0: Foul Ball, location: 2F 2-1: Ground out 5-3 (Groundball, 5)
|
Top of the 3rd over - 0 run(s), 0 hit(s), 0 error(s), 1 left on base; Reading 2 - Springfield 1 |
BOTTOM OF THE 3RD |
Springfield Simpsons batting - Pitching for Reading Rainbows : RHP Nathan Seymour
|
Batting: RHB Manny Ramírez
|
0-0: Ball 1-0: Called Strike 1-1: Fly out, F8 (Flyball, 8LM)
|
Batting: LHB José González
|
0-0: Swinging Strike 0-1: Ball 1-1: Ball 2-1: Called Strike 2-2: Ball 3-2: Foul Ball, location: 2F 3-2: Base on Balls
|
Batting: SHB José Cruz
|
0-0: Ball 1-0: Fielders Choice at 2nd, 4-6 (Groundball, 34)
|
Batting: RHB Gavin Downey
|
0-0: Ball 1-0: Called Strike 1-1: Swinging Strike 1-2: Strikes out swinging
|
Bottom of the 3rd over - 0 run(s), 0 hit(s), 0 error(s), 1 left on base; Reading 2 - Springfield 1 |
TOP OF THE 4TH |
Reading Rainbows batting - Pitching for Springfield Simpsons : RHP Don Wiggins
|
Batting: LHB Shane Lynch
|
0-0: Foul Ball, location: 2F 0-1: Called Strike 0-2: Ball 1-2: Strikes out looking
|
Batting: RHB Albert Lutz
|
0-0: Ball 1-0: Fly out, F9 (Flyball, 9S)
|
Batting: LHB Alfonso Ruíz
|
0-0: Swinging Strike 0-1: Called Strike 0-2: Ball 1-2: Fly out, F6 (Popup, 7S)
|
Top of the 4th over - 0 run(s), 0 hit(s), 0 error(s), 0 left on base; Reading 2 - Springfield 1 |
BOTTOM OF THE 4TH |
Springfield Simpsons batting - Pitching for Reading Rainbows : RHP Nathan Seymour
|
Batting: RHB Esteban Salas
|
0-0: Ball 1-0: Swinging Strike 1-1: Foul Ball, location: 2F 1-2: SINGLE (Line Drive, 8LS)
|
Batting: LHB Tony O'Bryan
|
0-0: Hit by Pitch Esteban Salas to second
|
Batting: LHB Pedro Cerda
|
0-0: Called Strike 0-1: Ball 1-1: SINGLE (Groundball, 4M) Esteban Salas to third Tony O'Bryan to second
|
Batting: RHB Valentín Ramírez
|
0-0: Foul Ball, location: 2F 0-1: Ball 1-1: Called Strike 1-2: Foul Ball, location: 2F 1-2: Ball 2-2: Strikes out swinging
|
Batting: SHB Jorge García
|
0-0: Called Strike 0-1: Foul Ball, location: 2F 0-2: Ball 1-2: Ball 2-2: Foul Ball, location: 2F 2-2: Foul Ball, location: 2F 2-2: Fly out, F8 (Flyball, 8RM) Runner from 3rd tags up, SCORES, throw made
|
Batting: RHB Manny Ramírez
|
0-0: Ball 1-0: Called Strike 1-1: SINGLE (Line Drive, 6MD) Tony O'Bryan to third Pedro Cerda to second Runner from 3rd tries for Home, SAFE, throw made home Pedro Cerda to third Manny Ramírez to second
|
Batting: LHB José González
|
0-0: Fly out, F8 (Flyball, 8RM)
|
Bottom of the 4th over - 2 run(s), 3 hit(s), 0 error(s), 2 left on base; Reading 2 - Springfield 3 |
TOP OF THE 5TH |
Reading Rainbows batting - Pitching for Springfield Simpsons : RHP Don Wiggins
|
Batting: LHB Wally Coker
|
0-0: Ball 1-0: Ground out 5-3 (Groundball, 56)
|
Batting: RHB Donald Sanford
|
0-0: Foul Ball, location: 2F 0-1: Foul Ball, location: 2F 0-2: Ball 1-2: Ball 2-2: Strikes out swinging
|
Batting: LHB Miguel Colón
|
0-0: Ground out 1-3 (Groundball, 13)
|
Top of the 5th over - 0 run(s), 0 hit(s), 0 error(s), 0 left on base; Reading 2 - Springfield 3 |
BOTTOM OF THE 5TH |
Springfield Simpsons batting - Pitching for Reading Rainbows : RHP Nathan Seymour
|
Batting: SHB José Cruz
|
0-0: Foul Ball, location: 2F 0-1: Ball 1-1: Called Strike 1-2: Strikes out swinging
|
Batting: RHB Gavin Downey
|
0-0: Ball 1-0: Swinging Strike 1-1: Ball 2-1: Foul Ball, location: 2F 2-2: Ball 3-2: Ground out 6-3 (Groundball, 6M)
|
Batting: RHB Esteban Salas
|
0-0: Ball 1-0: Swinging Strike 1-1: Called Strike 1-2: Foul Ball, location: 2F 1-2: Ball 2-2: Strikes out swinging
|
Bottom of the 5th over - 0 run(s), 0 hit(s), 0 error(s), 0 left on base; Reading 2 - Springfield 3 |
TOP OF THE 6TH |
Reading Rainbows batting - Pitching for Springfield Simpsons : RHP Don Wiggins
|
Batting: RHB Ron King
|
0-0: Called Strike 0-1: Foul Ball, location: 2F 0-2: Ball 1-2: Ball 2-2: Foul Ball, location: 2F 2-2: Fly out, F7 (Line Drive, 7LM)
|
Batting: RHB Dan Banks
|
0-0: Called Strike 0-1: Called Strike 0-2: Ball 1-2: Foul Ball, location: 2F 1-2: Foul Ball, location: 2F 1-2: Foul Ball, location: 2F 1-2: Ball 2-2: Ball 3-2: Base on Balls
|
Batting: RHB Germano Labrego
|
0-0: Called Strike 0-1: Called Strike 0-2: Ball 1-2: Foul Ball, location: 2F 1-2: Ball 2-2: Fielders Choice at 2nd, 5-4 (Groundball, 5D)
|
Batting: LHB Shane Lynch
|
0-0: Foul Ball, location: 2F 0-1: Called Strike 0-2: Strikes out swinging
|
Top of the 6th over - 0 run(s), 0 hit(s), 0 error(s), 1 left on base; Reading 2 - Springfield 3 |
BOTTOM OF THE 6TH |
Springfield Simpsons batting - Pitching for Reading Rainbows : RHP Nathan Seymour
|
Pitching: LHP Beau Montgomery
|
|
Batting: LHB Tony O'Bryan
|
0-0: Called Strike 0-1: Ball 1-1: Foul Ball, location: 2F 1-2: Strikes out swinging
|
Batting: LHB Pedro Cerda
|
0-0: Foul Ball, location: 2F 0-1: Ball 1-1: Ball 2-1: Called Strike 2-2: Ball 3-2: Fly out, F7 (Flyball, 7LMF)
|
Batting: RHB Valentín Ramírez
|
0-0: Ball 1-0: Ball 2-0: Called Strike 2-1: Ground out 4-3 (Groundball, 13)
|
Bottom of the 6th over - 0 run(s), 0 hit(s), 0 error(s), 0 left on base; Reading 2 - Springfield 3 |
TOP OF THE 7TH |
Reading Rainbows batting - Pitching for Springfield Simpsons : RHP Don Wiggins
|
Batting: RHB Albert Lutz
|
0-0: Called Strike 0-1: Ball 1-1: Called Strike 1-2: Foul Ball, location: 2F 1-2: Ball 2-2: Ground out 5-3 (Groundball, 5S)
|
Batting: LHB Alfonso Ruíz
|
0-0: Foul Ball, location: 2F 0-1: Ball 1-1: Called Strike 1-2: Strikes out swinging
|
Batting: LHB Wally Coker
|
0-0: Ball 1-0: DOUBLE (Line Drive, 9LM)
|
Pitching: LHP Alberto Martínez
|
|
Batting: RHB Donald Sanford
|
0-0: Ball 1-0: Called Strike 1-1: Ball 2-1: Fly out, F4 (Line Drive, 4M)
|
Top of the 7th over - 0 run(s), 1 hit(s), 0 error(s), 1 left on base; Reading 2 - Springfield 3 |
BOTTOM OF THE 7TH |
Springfield Simpsons batting - Pitching for Reading Rainbows : LHP Beau Montgomery
|
Batting: SHB Jorge García
|
0-0: Ball 1-0: Foul Ball, location: 2F 1-1: Ball 2-1: Called Strike 2-2: Fly out, F7 (Flyball, 7M)
|
Batting: RHB Manny Ramírez
|
0-0: Ball 1-0: Ball 2-0: Foul Ball, location: 2F 2-1: Called Strike 2-2: Ball 3-2: Foul Ball, location: 2F 3-2: Base on Balls
|
Pinch Hitting: RHB Brant Sherman
|
0-0: Called Strike 0-1: Ball 1-1: SINGLE (Groundball, 4) Manny Ramírez to second Runner from 2nd tries for 3rd, SAFE, throw made to third Brant Sherman to second
|
Batting: SHB José Cruz
|
0-0: Swinging Strike 0-1: Foul Ball, location: 2F 0-2: Ball 1-2: Ball 2-2: SINGLE (Flyball, 8LS) Manny Ramírez scores Brant Sherman to third
|
Batting: RHB Gavin Downey
|
0-0: Swinging Strike 0-1: Ball 1-1: Ball 2-1: Grounds into double play, 1-6-3 (Groundball, 13S)
|
Bottom of the 7th over - 1 run(s), 2 hit(s), 0 error(s), 1 left on base; Reading 2 - Springfield 4 |
TOP OF THE 8TH |
Reading Rainbows batting - Pitching for Springfield Simpsons : LHP Alberto Martínez
|
Now in LF: Brant Sherman
|
|
Batting: LHB Miguel Colón
|
0-0: Ball 1-0: Foul Ball, location: 2F 1-1: Foul Ball, location: 2F 1-2: Ball 2-2: Fly out, F8 (Flyball, 8LM)
|
Batting: RHB Ron King
|
0-0: Called Strike 0-1: Ball 1-1: Ball 2-1: Swinging Strike 2-2: Foul Ball, location: 2F 2-2: Foul Ball, location: 2F 2-2: Strikes out swinging
|
Batting: RHB Dan Banks
|
0-0: Ball 1-0: Ground out 5-3 (Groundball, 5S)
|
Top of the 8th over - 0 run(s), 0 hit(s), 0 error(s), 0 left on base; Reading 2 - Springfield 4 |
BOTTOM OF THE 8TH |
Springfield Simpsons batting - Pitching for Reading Rainbows : LHP Beau Montgomery
|
Pitching: RHP Chris Lee
|
|
Batting: RHB Esteban Salas
|
0-0: Swinging Strike 0-1: Ball 1-1: Called Strike 1-2: Foul Ball, location: 2F 1-2: Ball 2-2: Ground out 6-3 (Groundball, 6)
|
Batting: LHB Tony O'Bryan
|
0-0: Ball 1-0: Called Strike 1-1: Ball 2-1: Foul Ball, location: 2F 2-2: Strikes out swinging
|
Batting: LHB Pedro Cerda
|
0-0: Called Strike 0-1: Ball 1-1: Called Strike 1-2: SINGLE (Line Drive, 4M)
|
Batting: RHB Valentín Ramírez
|
0-0: Ball Single, Error in OF, E7, batter to second base Pedro Cerda to third
|
Batting: SHB Jorge García
|
0-0: Ball 1-0: Ball 2-0: Ball 3-0: Base on Balls
|
Batting: RHB Manny Ramírez
|
0-0: Ball 1-0: Ball 2-0: Called Strike 2-1: Ball 3-1: Foul Ball, location: 2F 3-2: Foul Ball, location: 2F 3-2: Base on Balls Pedro Cerda scores Valentín Ramírez to third Jorge García to second
|
Batting: RHB Brant Sherman
|
0-0: Fly out, F9 (Line Drive, 89S)
|
Bottom of the 8th over - 1 run(s), 2 hit(s), 1 error(s), 3 left on base; Reading 2 - Springfield 5 |
TOP OF THE 9TH |
Reading Rainbows batting - Pitching for Springfield Simpsons : LHP Alberto Martínez
|
Pitching: RHP Dave Adams
|
|
Batting: RHB Germano Labrego
|
0-0: Called Strike 0-1: Foul Ball, location: 2F 0-2: Ball 1-2: Strikes out looking
|
Batting: LHB Shane Lynch
|
0-0: Called Strike 0-1: Ball 1-1: Ground out 3-1 (Groundball, 34)
|
Batting: RHB Albert Lutz
|
0-0: SOLO HOME RUN (Flyball, 89XD), Distance : 389 ft
|
Batting: LHB Alfonso Ruíz
|
0-0: Ball 1-0: Foul Ball, location: 2F 1-1: Fly out, F5 (Popup, 56)
|
Top of the 9th over - 1 run(s), 1 hit(s), 0 error(s), 0 left on base; Reading 3 - Springfield 5 |
|